TOP OF THE 1ST |
Round Rock Express batting - Pitching for El Paso Chihuahuas : RHP Alejandro Pena
|
Pitching: RHP Alejandro Pena
|
|
Batting: LHB Steve Lyons
|
0-0: Called Strike 0-1: Fly out, F8 (Line Drive, 8RD, EV 94.4 MPH)
|
Batting: LHB Luis Armijo
|
0-0: Foul Ball, location: 2F 0-1: SINGLE (Flyball, 8LS, EV 86.9 MPH)
|
Batting: RHB Alejandro Sanchez
|
0-0: Ball 1-0: Ball 2-0: Called Strike 2-1: SINGLE (Groundball, 56D, EV 95.0 MPH) Luis Armijo to second
|
Batting: LHB Al Chambers
|
0-0: Foul Ball, location: 2F 0-1: Foul Ball, location: 2F 0-2: Ball 1-2: Ball 2-2: Strikes out looking
|
Batting: RHB Martyn Maxwell
|
0-0: Ball 1-0: Swinging Strike 1-1: Ball 2-1: Ball 3-1: Base on Balls Luis Armijo to third Alejandro Sanchez to second
|
Pitching: RHP Tom Smith
|
|
Batting: RHB Gerald Miller
|
0-0: Ball 1-0: Ball 2-0: Foul Ball, location: 2F 2-1: Ball 3-1: Base on Balls Luis Armijo scores Alejandro Sanchez to third Martyn Maxwell to second
|
Batting: LHB James Jennings
|
0-0: Ball 1-0: Ground out 4-3 (Groundball, 4D, EV 88.1 MPH)
|
Top of the 1st over - 1 run, 2 hits, 0 errors, 3 left on base; Round Rock 1 - El Paso 0 |
BOTTOM OF THE 1ST |
El Paso Chihuahuas batting - Pitching for Round Rock Express : LHP Bill Krueger
|
Pitching: LHP Bill Krueger
|
|
Batting: RHB Julio Acevedo
|
0-0: Ball 1-0: Foul Ball, location: 2F 1-1: Ball 2-1: Foul Ball, location: 2F 2-2: Fly out, F8 (Flyball, 8RXD, EV 96.9 MPH)
|
Batting: LHB Andy Van Slyke
|
0-0: Called Strike 0-1: Foul Ball, location: 2F 0-2: Foul Ball, location: 2F 0-2: Foul Ball, location: 2F 0-2: Ball 1-2: Strikes out swinging
|
Batting: RHB Jesse Vann
|
0-0: Called Strike 0-1: Called Strike 0-2: Foul Ball, location: 2F 0-2: Ball 1-2: Ball 2-2: Ball 3-2: Base on Balls
|
Batting: RHB Bill Lyons
|
0-0: Called Strike 0-1: Ball 1-1: SINGLE (Groundball, 6MD, EV 106.9 MPH) Jesse Vann to second Runner from 2nd tries for 3rd, SAFE, no throw by CF
|
Batting: LHB Dan Murphy
|
0-0: Called Strike 0-1: Ball 1-1: Ball 2-1: Ball 3-1: Base on Balls Bill Lyons to second
|
Batting: RHB Tom Roarke
|
0-0: Fly out, F7 (Flyball, 7S, EV 91.9 MPH)
|
Bottom of the 1st over - 0 runs, 1 hit, 0 errors, 3 left on base; Round Rock 1 - El Paso 0 |
TOP OF THE 2ND |
Round Rock Express batting - Pitching for El Paso Chihuahuas : RHP Tom Smith
|
Batting: LHB William Sobbe
|
0-0: Called Strike 0-1: Ground out 4-3 (Groundball, 4, EV 86.9 MPH)
|
Batting: RHB George Ramos
|
0-0: Called Strike 0-1: Ball 1-1: Called Strike 1-2: Ball 2-2: Foul Ball, location: 2F 2-2: Ball 3-2: Foul Ball, location: 2F 3-2: Ground out 2-3 (Groundball, 2L, EV 70.0 MPH)
|
Batting: LHB Steve Lyons
|
0-0: Called Strike 0-1: Ball 1-1: Ground out 4-3 (Groundball, 4, EV 101.9 MPH)
|
Top of the 2nd over - 0 runs, 0 hits, 0 errors, 0 left on base; Round Rock 1 - El Paso 0 |
BOTTOM OF THE 2ND |
El Paso Chihuahuas batting - Pitching for Round Rock Express : LHP Bill Krueger
|
Batting: SHB Manuel Adams
|
0-0: Foul Ball, location: 2F 0-1: Ball 1-1: SINGLE (Line Drive, 7S, EV 89.4 MPH)
|
Batting: RHB William Parmenter
|
0-0: Fly out, F3 (Popup, 3S, EV 84.4 MPH)
|
Batting: RHB Cliff Wherry
|
0-0: Called Strike 0-1: Called Strike 0-2: Ball 1-2: Fly out, F3 (Popup, 4S, EV 80.0 MPH)
|
Batting: RHB Julio Acevedo
|
0-0: Ball 1-0: Foul Ball, location: 2F 1-1: Foul Ball, location: 2F 1-2: Ground out 6-3 (Groundball, 56, EV 103.8 MPH)
|
Bottom of the 2nd over - 0 runs, 1 hit, 0 errors, 1 left on base; Round Rock 1 - El Paso 0 |
TOP OF THE 3RD |
Round Rock Express batting - Pitching for El Paso Chihuahuas : RHP Tom Smith
|
Batting: LHB Luis Armijo
|
0-0: Ball 1-0: SINGLE (Line Drive, 78M, EV 90.0 MPH)
|
Batting: RHB Alejandro Sanchez
|
0-0: SINGLE (Line Drive, 78M, EV 101.9 MPH) Luis Armijo to second
|
Batting: LHB Al Chambers
|
0-0: Ball 1-0: Called Strike 1-1: Ground out 5-3 (Groundball, 56S, EV 75.6 MPH) Luis Armijo to third Alejandro Sanchez to second
|
Batting: RHB Martyn Maxwell
|
0-0: Ball 1-0: SINGLE (Flyball, 89S, EV 95.6 MPH) Luis Armijo scores Alejandro Sanchez to third Runner from 3rd tries for Home, SAFE, throw by RF to home
|
Batting: RHB Gerald Miller
|
0-0: SINGLE (Groundball, 6S, EV 69.4 MPH) (infield hit) Martyn Maxwell to second
|
Batting: LHB James Jennings
|
0-0: Called Strike 0-1: Ball 1-1: Grounds into double play, 4-6-3 (Groundball, 34, EV 78.8 MPH)
|
Top of the 3rd over - 2 runs, 4 hits, 0 errors, 1 left on base; Round Rock 3 - El Paso 0 |
BOTTOM OF THE 3RD |
El Paso Chihuahuas batting - Pitching for Round Rock Express : LHP Bill Krueger
|
Batting: LHB Andy Van Slyke
|
0-0: Called Strike 0-1: Foul Ball, location: 2F 0-2: Ball 1-2: SINGLE (Groundball, 56D, EV 108.1 MPH)
|
Batting: RHB Jesse Vann
|
0-0: Ball 1-0: Ball 2-0: Ball 3-0: Called Strike 3-1: Base on Balls Andy Van Slyke to second
|
Batting: RHB Bill Lyons
|
0-0: Foul Ball, location: 2F 0-1: Ball 1-1: Ball 2-1: Foul Ball, location: 2F 2-2: Fly out, F9 (Flyball, 9S, EV 85.0 MPH)
|
Batting: LHB Dan Murphy
|
0-0: Called Strike 0-1: Ball 1-1: Foul Ball, location: 2F 1-2: Ball 2-2: Ball 3-2: Strikes out swinging
|
Batting: RHB Tom Roarke
|
0-0: Called Strike 0-1: Fielders Choice at 2nd, 6-4 (Groundball, 6, EV 104.4 MPH)
|
Bottom of the 3rd over - 0 runs, 1 hit, 0 errors, 2 left on base; Round Rock 3 - El Paso 0 |
TOP OF THE 4TH |
Round Rock Express batting - Pitching for El Paso Chihuahuas : RHP Tom Smith
|
Batting: LHB William Sobbe
|
0-0: Ground out 6-3 (Groundball, 6, EV 106.9 MPH)
|
Batting: RHB George Ramos
|
0-0: Ball 1-0: Called Strike 1-1: Ball 2-1: Swinging Strike 2-2: Strikes out swinging
|
Batting: LHB Steve Lyons
|
0-0: Ball 1-0: Ball 2-0: Ball 3-0: Base on Balls
|
Batting: LHB Luis Armijo
|
0-0: Ball Steve Lyons steals 2nd base 1-0: SINGLE (Groundball, 25, EV 67.5 MPH) (infield hit) Steve Lyons to third
|
Batting: RHB Alejandro Sanchez
|
0-0: Ball 1-0: Ball 2-0: Called Strike 2-1: Foul Ball, location: 2F 2-2: Fielders Choice at 2nd, 5-4 (Groundball, 56, EV 105.0 MPH)
|
Top of the 4th over - 0 runs, 1 hit, 0 errors, 2 left on base; Round Rock 3 - El Paso 0 |
BOTTOM OF THE 4TH |
El Paso Chihuahuas batting - Pitching for Round Rock Express : LHP Bill Krueger
|
Batting: SHB Manuel Adams
|
0-0: Ball 1-0: Ball 2-0: Ball 3-0: Base on Balls
|
Batting: RHB William Parmenter
|
0-0: Fly out, F7 (Flyball, 78D, EV 101.3 MPH)
|
Batting: RHB Cliff Wherry
|
0-0: Called Strike 0-1: Ball 1-1: Swinging Strike 1-2: Fly out, F4 (Popup, 34, EV 68.1 MPH)
|
Batting: RHB Julio Acevedo
|
0-0: Called Strike 0-1: Ball 1-1: Called Strike 1-2: Strikes out swinging
|
Bottom of the 4th over - 0 runs, 0 hits, 0 errors, 1 left on base; Round Rock 3 - El Paso 0 |
TOP OF THE 5TH |
Round Rock Express batting - Pitching for El Paso Chihuahuas : RHP Tom Smith
|
Batting: LHB Al Chambers
|
0-0: Ball 1-0: Ball 2-0: Ball 3-0: Called Strike 3-1: Base on Balls
|
Batting: RHB Martyn Maxwell
|
0-0: Ball 1-0: Ball 2-0: Fielders Choice at 2nd, 6-4 (Groundball, 56, EV 90.6 MPH)
|
Batting: RHB Gerald Miller
|
0-0: Foul Ball, location: 2F 0-1: Fly out, F9 (Line Drive, 89M, EV 91.9 MPH)
|
Batting: LHB James Jennings
|
0-0: Foul Ball, location: 2F 0-1: Ball 1-1: Foul Ball, location: 2F 1-2: SINGLE (Groundball, 34S, EV 64.4 MPH) (infield hit) Martyn Maxwell to second
|
Pitching: RHP Gary Kaczor
|
|
Batting: LHB William Sobbe
|
0-0: Called Strike 0-1: SINGLE (Groundball, 56D, EV 100.0 MPH) Martyn Maxwell to third James Jennings to second Runner from 3rd tries for Home, SAFE, throw by LF to home
|
Batting: RHB George Ramos
|
0-0: Ball 1-0: Ball 2-0: Called Strike 2-1: Foul Ball, location: 2F 2-2: Foul Ball, location: 2F 2-2: Fielders Choice at 2nd, 6-4 (Groundball, 6, EV 83.8 MPH)
|
Top of the 5th over - 1 run, 2 hits, 0 errors, 2 left on base; Round Rock 4 - El Paso 0 |
BOTTOM OF THE 5TH |
El Paso Chihuahuas batting - Pitching for Round Rock Express : LHP Bill Krueger
|
Batting: LHB Andy Van Slyke
|
0-0: Ball 1-0: Ball 2-0: Called Strike 2-1: Ball 3-1: Foul Ball, location: 2F 3-2: Foul Ball, location: 2F 3-2: Foul Ball, location: 2F 3-2: Base on Balls
|
Batting: RHB Jesse Vann
|
0-0: Ball 1-0: Ball 2-0: Foul Ball, location: 2F 2-1: 2-RUN HOME RUN (Flyball, 7LD, EV 107.5 MPH), Distance : 377 ft
|
Batting: RHB Bill Lyons
|
0-0: Ball 1-0: Ball 2-0: Ball 3-0: Called Strike 3-1: Foul Ball, location: 2F 3-2: Base on Balls
|
Batting: LHB Dan Murphy
|
0-0: Grounds into double play, 4-6-3 (Groundball, 4, EV 78.1 MPH)
|
Batting: RHB Tom Roarke
|
0-0: Fly out, F4 (Flyball, 34D, EV 79.4 MPH)
|
Bottom of the 5th over - 2 runs, 1 hit, 0 errors, 0 left on base; Round Rock 4 - El Paso 2 |
TOP OF THE 6TH |
Round Rock Express batting - Pitching for El Paso Chihuahuas : RHP Gary Kaczor
|
Batting: LHB Steve Lyons
|
0-0: Called Strike 0-1: Ball 1-1: Ball 2-1: Ball 3-1: Base on Balls
|
Batting: LHB Luis Armijo
|
0-0: Ball 1-0: Bunt missed! 1-1: Ball 2-1: Reached on error, E1 (Groundball, 15S, EV 43.8 MPH) Steve Lyons to third
|
Batting: RHB Alejandro Sanchez
|
0-0: Ball Passed Ball! Steve Lyons scores Luis Armijo to third 1-0: Called Strike 1-1: Foul Ball, location: 2F 1-2: Fly out, F8 (Flyball, 8LM, EV 97.5 MPH) Runner from 3rd tags up, SCORES, throw by CF
|
Batting: LHB Al Chambers
|
0-0: SINGLE (Groundball, 6MS, EV 75.6 MPH) (infield hit)
|
Batting: RHB Martyn Maxwell
|
0-0: Foul Ball, location: 2F 0-1: Ball 1-1: Fly out, F7 (Flyball, 7D, EV 110.0 MPH)
|
Batting: RHB Gerald Miller
|
0-0: Fly out, F7 (Line Drive, 7, EV 95.0 MPH)
|
Top of the 6th over - 2 runs, 1 hit, 1 error, 1 left on base; Round Rock 6 - El Paso 2 |
BOTTOM OF THE 6TH |
El Paso Chihuahuas batting - Pitching for Round Rock Express : LHP Bill Krueger
|
Batting: SHB Manuel Adams
|
0-0: Ball 1-0: Called Strike 1-1: Ball 2-1: Ball 3-1: Foul Ball, location: 2F 3-2: Ground out 4-3 (Groundball, 4MD, EV 84.4 MPH)
|
Batting: RHB William Parmenter
|
0-0: Called Strike 0-1: DOUBLE (Line Drive, 78D, EV 108.8 MPH)
|
Batting: RHB Cliff Wherry
|
0-0: Called Strike 0-1: Called Strike 0-2: Foul Ball, location: 2F 0-2: Fly out, F8 (Flyball, 8LD, EV 88.8 MPH)
|
Batting: RHB Julio Acevedo
|
0-0: Ball 1-0: Ball 2-0: Ground out 5-3 (Groundball, 5, EV 103.8 MPH)
|
Bottom of the 6th over - 0 runs, 1 hit, 0 errors, 1 left on base; Round Rock 6 - El Paso 2 |
TOP OF THE 7TH |
Round Rock Express batting - Pitching for El Paso Chihuahuas : RHP Gary Kaczor
|
Batting: LHB James Jennings
|
0-0: Ball 1-0: Foul Ball, location: 2F 1-1: Foul Ball, location: 2F 1-2: Ball 2-2: Ball 3-2: Fly out, F6 (Popup, 6M, EV 61.3 MPH)
|
Batting: LHB William Sobbe
|
0-0: Foul Ball, location: 2F 0-1: Foul Ball, location: 2F 0-2: Foul Ball, location: 2F 0-2: Foul Ball, location: 2F 0-2: Ball 1-2: Foul Ball, location: 2F 1-2: Ball 2-2: Foul Ball, location: 2F 2-2: Ground out 6-3 (Groundball, 4MS, EV 61.3 MPH)
|
Batting: RHB George Ramos
|
0-0: Ball 1-0: Called Strike 1-1: Called Strike 1-2: Strikes out looking
|
Top of the 7th over - 0 runs, 0 hits, 0 errors, 0 left on base; Round Rock 6 - El Paso 2 |
BOTTOM OF THE 7TH |
El Paso Chihuahuas batting - Pitching for Round Rock Express : LHP Bill Krueger
|
Batting: LHB Andy Van Slyke
|
0-0: Ball 1-0: Called Strike 1-1: Swinging Strike 1-2: Ball 2-2: Ground out 6-3 (Groundball, 6, EV 84.4 MPH)
|
Batting: RHB Jesse Vann
|
0-0: Foul Ball, location: 2F 0-1: Ball 1-1: Swinging Strike 1-2: Strikes out swinging, 2-3 out at first.
|
Batting: RHB Bill Lyons
|
0-0: SINGLE (Flyball, 8LS, EV 94.4 MPH)
|
Batting: LHB Dan Murphy
|
0-0: Ball 1-0: Called Strike 1-1: Foul Ball, location: 2F 1-2: Ball Bill Lyons steals 2nd base 2-2: Ground out 4-3 (Groundball, 4, EV 101.9 MPH)
|
Bottom of the 7th over - 0 runs, 1 hit, 0 errors, 1 left on base; Round Rock 6 - El Paso 2 |
TOP OF THE 8TH |
Round Rock Express batting - Pitching for El Paso Chihuahuas : RHP Gary Kaczor
|
Batting: LHB Steve Lyons
|
0-0: Ball 1-0: Ball 2-0: Ball 3-0: Called Strike 3-1: Base on Balls
|
Batting: LHB Luis Armijo
|
0-0: Bunt missed! 0-1: Bunted foul 0-2: Ball 1-2: Ball 2-2: Grounds out, U3 (Groundball, 3L, EV 101.3 MPH)
|
Batting: RHB Alejandro Sanchez
|
0-0: Called Strike 0-1: SINGLE (Flyball, 3D, EV 89.4 MPH) Steve Lyons to third
|
Batting: LHB Al Chambers
|
0-0: Called Strike 0-1: Foul Ball, location: 2F 0-2: Strikes out looking
|
Batting: RHB Martyn Maxwell
|
0-0: Ball 1-0: SINGLE (Groundball, 5D, EV 101.3 MPH) Steve Lyons scores Alejandro Sanchez to second
|
Pitching: RHP Jerry Littmann
|
|
Batting: RHB Gerald Miller
|
0-0: Ball 1-0: Ball 2-0: Foul Ball, location: 2F 2-1: Ball 3-1: Fly out, F5 (Flyball, 5D, EV 83.8 MPH)
|
Top of the 8th over - 1 run, 2 hits, 0 errors, 2 left on base; Round Rock 7 - El Paso 2 |
BOTTOM OF THE 8TH |
El Paso Chihuahuas batting - Pitching for Round Rock Express : LHP Bill Krueger
|
Batting: RHB Tom Roarke
|
0-0: Called Strike 0-1: Foul Ball, location: 2F 0-2: Foul Ball, location: 2F 0-2: Fly out, F8 (Line Drive, 8RM, EV 98.8 MPH)
|
Batting: SHB Manuel Adams
|
0-0: Ball 1-0: Ball 2-0: Called Strike 2-1: Ball 3-1: SINGLE (Line Drive, 9S, EV 91.3 MPH)
|
Batting: RHB William Parmenter
|
0-0: Called Strike 0-1: Ball 1-1: Ball 2-1: SINGLE (Groundball, 34D, EV 107.5 MPH) Manuel Adams to second Runner from 2nd tries for 3rd, SAFE, no throw by RF
|
Batting: RHB Cliff Wherry
|
0-0: Ball 1-0: Called Strike 1-1: Grounds into double play, 6-4-3 (Groundball, 6, EV 88.1 MPH)
|
Bottom of the 8th over - 0 runs, 2 hits, 0 errors, 1 left on base; Round Rock 7 - El Paso 2 |
TOP OF THE 9TH |
Round Rock Express batting - Pitching for El Paso Chihuahuas : RHP Jerry Littmann
|
Batting: LHB James Jennings
|
0-0: Ball 1-0: Fly out, F8 (Line Drive, 8RD, EV 85.6 MPH)
|
Batting: LHB William Sobbe
|
0-0: Swinging Strike 0-1: Fly out, F5 (Flyball, 56D, EV 85.0 MPH)
|
Batting: RHB George Ramos
|
0-0: Foul Ball, location: 2F 0-1: Ball 1-1: Called Strike 1-2: Ball 2-2: Fly out, F6 (Line Drive, 6, EV 71.3 MPH)
|
Top of the 9th over - 0 runs, 0 hits, 0 errors, 0 left on base; Round Rock 7 - El Paso 2 |
BOTTOM OF THE 9TH |
El Paso Chihuahuas batting - Pitching for Round Rock Express : LHP Bill Krueger
|
Pitching: RHP Mario Kaufman
|
|
Batting: RHB Julio Acevedo
|
0-0: Ball 1-0: Ball 2-0: Ball 3-0: Base on Balls
|
Batting: LHB Andy Van Slyke
|
0-0: Ball 1-0: Called Strike 1-1: Foul Ball, location: 2F 1-2: Fly out, F9 (Flyball, 8RS, EV 81.9 MPH)
|
Batting: RHB Jesse Vann
|
0-0: Ball Pickoff Throw by Catcher to First - Out! 1-0: Ball 2-0: Called Strike 2-1: Foul Ball, location: 2F 2-2: Foul Ball, location: 2F 2-2: Ball 3-2: Ground out 4-3 (Groundball, 34, EV 106.9 MPH)
|
Bottom of the 9th over - 0 runs, 0 hits, 0 errors, 0 left on base; Round Rock 7 - El Paso 2 |
|